 Dungeon Crawl Stone Soup version 0.31-a0-220-gc2f4f3cf83 (webtiles) character file.

Game seed: 8407467477888676934

4888 qw the Cleaver (level 10, -13/70 HPs)
             Began as a Gargoyle Fighter on July 3, 2023.
             Was a Priest of Okawaru.
             Mangled by a death yak (18 damage)
             ... on level 4 of the Lair of Beasts.
             The game lasted 00:03:39 (6444 turns).

qw the Cleaver (Gargoyle Fighter)                   Turns: 6444, Time: 00:03:40

Health: -13/70     AC: 20    Str: 24    XL:     10   Next: 50%
Magic:  12/13      EV: 10    Int:  9    God:    Okawaru [***...]
Gold:   412        SH:  6    Dex:  9    Spells: 9/9 levels left

rFire   . . .        Y - +1 broad axe
rCold   . . .        c - +0 buckler
rNeg    + . .        e - +0 chain mail
rPois   inf          q - +0 helmet
rElec   +            (no cloak)
rCorr   .            (no gloves)
SInv    +            (no boots)
Will    .....        (no amulet) Stlth
                     l - ring of see invisible
HPRegen 0.31/turn    (no ring)
MPRegen 0.13/turn

%: no passive effects
@: heroic
A: sickness immunity, AC +7, negative energy resistance 1, electricity
resistance, torment resistance 1, petrification resistance, robust 1
a: Renounce Religion, Heroism


You were on level 4 of the Lair of Beasts.
You worshipped Okawaru.
Okawaru was most pleased with you.
You visited 2 branches of the dungeon, and saw 11 of its levels.
You also visited: Sewer.

You collected 442 gold pieces.
You spent 30 gold pieces at shops.


Innate Abilities, Weirdness & Mutations

You are immune to sickness and miasma.
Your stone body is resilient. (AC +7)
You are immune to poison.
You resist negative energy. (rN+)
You are resistant to electric shocks. (rElec)
You are resistant to unholy torment.
You are immune to petrification.
You are robust. (+10% HP)


   Skills:
 - Level 8.3(13.3) Fighting
 + Level 10.7(15.7) Axes
 - Level 5.0(10.0) Armour
 - Level 1.7(6.7) Dodging
 - Level 5.4(10.4) Shields
 - Level 4.2 Invocations


You had 9 spell levels left.
You didn't know any spells.
Your spell library was empty.

Inventory:

Hand Weapons
 s - a +0 flail
 Y - a +1 broad axe (weapon)
Armour
 a - a +1 scale mail of cold resistance
 c - a +0 buckler (worn)
 e - a +0 chain mail (worn)
 q - a +0 helmet (worn)
Jewellery
 b - a ring of ice
 k - a ring of fire
 l - a ring of see invisible (left hand)
 n - an amulet of guardian spirit
Scrolls
 g - 3 scrolls of immolation {unknown}
 m - 3 scrolls of identify
Potions
 d - 2 potions of might
 f - 2 potions of lignification
 h - 2 potions of curing
 j - a potion of mutation
 o - 2 potions of haste

Dungeon Overview and Level Annotations

Branches:
Dungeon (8/15)             Temple (0/1) D:4            Lair (2/5) D:8
  Sewer (visited)
  Swamp: Lair:2-3    Shoals: Lair:2-3     Snake: Lair:2-3    Spider: Lair:2-3

Altars:
Makhleb
Okawaru
Sif Muna
Yredelemnul
Zin

Shops:
D:4 (


Message History

You slash the death yak!
The death yak is lightly wounded.
You hear a bellow! x2
The death yak gores you!
A death yak comes into view.
You hit the death yak.
The death yak is lightly wounded.
The death yak gores you but does no damage.
You slash the death yak!
The death yak is moderately wounded.
The death yak gores you!
You hit the death yak.
The death yak is moderately wounded.
The death yak gores you!
You slash the death yak!
The death yak is moderately wounded.
You hit the death yak. You barely miss the death yak.
The death yak is moderately wounded.
You barely miss the death yak. The death yak gores you!!
The death yak gores you.
You hit the death yak but do no damage.
The death yak is moderately wounded.
You completely miss the death yak. The death yak barely misses you.
You hit the death yak but do no damage.
The death yak is moderately wounded.
You barely miss the death yak. You slash the death yak!
The death yak closely misses you. The death yak barely misses you.
The death yak gores you but does no damage.
You hit the death yak.
The death yak is heavily wounded.
You slash the death yak! You hit the death yak but do no damage.
The death yak gores you but does no damage.
The death yak completely misses you. The death yak gores you!
You slice the death yak!!
The death yak is severely wounded.
You barely miss the death yak. x2
The death yak gores you!!
You die...

.#...................... ..
...........................
.....................# ....
.....................##...#
.....................#P....
............#..............
...........##.............#
..#.##....#########..##....
.... ....# #...@YY........
#...YY.........
.......##Y........ .......
?#.#P....#
.$..............!.
#.................
##.#.............. ...#..##
.(###.. ..# .##


You could see 5 death yaks.

Vanquished Creatures
  A black mamba (Lair:1)
  2 cane toads
  3 blink frogs (Lair:2)
  A wyvern (Lair:2)
  11 yaks
  2 basilisks
  Pargi (Sewer)
  An orc warrior (D:8)
  A black bear (D:8)
  3 centaurs
  2 bullfrogs
  A scorpion (D:4)
  6 killer bees (D:8)
  2 hounds
  3 sleepcaps
  2 orc priests (D:8)
  3 iguanas (D:4)
  Terence (D:2)
  3 orc wizards (D:8)
  Robin (D:2)
  5 gnolls
  2 adders (D:2)
  A worm (D:3)
  3 orcs
  9 endoplasms
  7 giant cockroaches
  10 goblins
  9 hobgoblins
  2 jackals (D:4)
  6 quokkas
  9 ball pythons
  2 bats (D:3)
  10 frilled lizards
  4 kobolds
  5 rats
134 creatures vanquished.

Notes
Turn   | Place    | Note
-------+----------+-------------------------------------------
     0 | D:1      | qw the Gargoyle Fighter began the quest for the Orb.
     0 | D:1      | Reached XP level 1. HP: 14/14 MP: 1/1
     0 | D:1      | 0 ||| qw: Version: 0.3-a-40-ge99b1a8
     0 | D:1      | 0 ||| qw: Game counter: 469
     0 | D:1      | 0 ||| qw: Melee chars always use a shield: true
     0 | D:1      | 0 ||| qw: God list: Okawaru
     0 | D:1      | 0 ||| qw: Allow faded altars: false
     0 | D:1      | 0 ||| qw: Do Orc after clearing Dungeon:15 true
     0 | D:1      | 0 ||| qw: Do second Lair branch before Depths: true
     0 | D:1      | 0 ||| qw: Lair rune preference: random
     0 | D:1      | 0 ||| qw: Goals: Normal, Zot:1-4, Slime:5, God:TSO, Crypt,
                  | Tomb, Abyss, Pan, Hells, Win
     0 | D:1      | 0 ||| PLANNING D:1-11
    16 | D:1      | Reached skill level 2 in Axes
    16 | D:1      | Reached XP level 2. HP: 8/19 MP: 2/2
    16 | D:1      | 16 ||| FLEEEEING.
    19 | D:1      | 19 ||| FLEEEEING.
    20 | D:1      | 20 ||| FLEEEEING.
    21 | D:1      | 21 ||| FLEEEEING.
    22 | D:1      | 22 ||| FLEEEEING.
    23 | D:1      | 23 ||| FLEEEEING.
    97 | D:1      | 97 ||| Stepping ~*~*~tactically~*~*~ (hiding).
    98 | D:1      | 98 ||| Stepping ~*~*~tactically~*~*~ (hiding).
    99 | D:1      | 99 ||| Stepping ~*~*~tactically~*~*~ (hiding).
   100 | D:1      | 100 ||| Stepping ~*~*~tactically~*~*~ (hiding).
   101 | D:1      | 101 ||| Stepping ~*~*~tactically~*~*~ (hiding).
   102 | D:1      | 102 ||| Stepping ~*~*~tactically~*~*~ (hiding).
   103 | D:1      | 103 ||| Stepping ~*~*~tactically~*~*~ (hiding).
   327 | D:1      | 327 ||| DROPPING +0 club.
   622 | D:1      | Reached skill level 3 in Axes
   687 | D:1      | Reached XP level 3. HP: 21/23 MP: 3/3
   774 | D:1      | 774 ||| UPGRADING to +0 chain mail.
   784 | D:1      | 784 ||| DROPPING +0 scale mail.
   785 | D:1      | 785 ||| DRINKING 2 lumpy amethyst potions.
  1179 | D:2      | 1179 ||| Stepping ~*~*~tactically~*~*~ (stealth).
  1383 | D:2      | 1383 ||| Stepping ~*~*~tactically~*~*~ (stealth).
  1386 | D:2      | Noticed Robin
  1392 | D:2      | Reached XP level 4. HP: 27/28 MP: 4/4
  1393 | D:2      | 1393 ||| Stepping ~*~*~tactically~*~*~ (hiding).
  1401 | D:2      | Killed Robin
  1402 | D:2      | Reached skill level 4 in Axes
  1647 | D:2      | Found a faded altar of an unknown god.
  1787 | D:2      | 1787 ||| UPGRADING to +0 helmet.
  1792 | D:2      | 1792 ||| UPGRADING to amulet of guardian spirit.
  1797 | D:2      | 1797 ||| READING scroll labelled DOQOCO PIPS.
  1798 | D:2      | 1798 ||| READING scroll labelled GESCHO ES OLOAN.
  1799 | D:2      | 1799 ||| READING 2 scrolls labelled ZIGICO IRYSIFI.
  1816 | D:3      | Noticed Terence
  1818 | D:3      | 1818 ||| STAIRDANCE
  1821 | D:2      | Killed Terence
  2258 | D:3      | Reached XP level 5. HP: 32/32 MP: 5/5
  2297 | D:3      | Found a shimmering blue altar of Sif Muna.
  2579 | D:3      | 2579 ||| READING scroll labelled YROS QOCKOBBASHIOR.
  2663 | D:3      | 2663 ||| READING scroll labelled NILUZO LOYDWOBI.
  2664 | D:3      | 2664 ||| DRINKING 2 green potions.
  2664 | D:3      | Gained mutation: You are robust. (+10% HP) [potion of
                  | mutation]
  2675 | D:3      | 2675 ||| DRINKING 2 glowing sapphire potions.
  2676 | D:3      | 2676 ||| READING 2 scrolls of identify.
  2676 | D:3      | 2676 ||| IDENTIFYING fuming ruby potion
  2677 | D:3      | 2677 ||| DROPPING potion of degeneration.
  2678 | D:3      | 2678 ||| DROPPING potion of invisibility.
  2680 | D:3      | 2680 ||| Stepping ~*~*~tactically~*~*~ (stealth).
  2685 | D:3      | 2685 ||| Stepping ~*~*~tactically~*~*~ (stealth).
  2687 | D:3      | 2687 ||| Stepping ~*~*~tactically~*~*~ (stealth).
  2689 | D:3      | 2689 ||| Stepping ~*~*~tactically~*~*~ (stealth).
  2690 | D:3      | 2690 ||| Stepping ~*~*~tactically~*~*~ (stealth).
  2742 | D:3      | 2742 ||| DRINKING 2 purple potions.
  2764 | D:3      | Reached skill level 5 in Axes
  2901 | D:4      | Found Reacw's Weapon Emporium.
  2908 | D:4      | 2908 ||| BUYING +0 mace (30 gold).
  2908 | D:4      | Bought a +0 mace for 30 gold pieces
  2912 | D:4      | 2912 ||| DROPPING +0 whip.
  2991 | D:4      | Found a burning altar of Makhleb.
  2997 | D:4      | Found a glowing silver altar of Zin.
  2997 | D:4      | Found a basalt altar of Yredelemnul.
  2999 | D:4      | Found an iron altar of Okawaru.
  3000 | D:4      | 3000 ||| PLANNING OKAWARU WORSHIP
  3000 | D:4      | 3000 ||| DRINKING 2 brown potions.
  3001 | D:4      | 3001 ||| READING 2 scrolls of identify.
  3001 | D:4      | 3001 ||| IDENTIFYING pink potion
  3002 | D:4      | 3002 ||| DROPPING potion of brilliance.
  3005 | D:4      | Became a worshipper of Warmaster Okawaru
  3006 | D:4      | 3006 ||| PLANNING D:1-11
  3006 | D:4      | 3006 ||| REMOVING amulet of guardian spirit.
  3053 | D:4      | Reached XP level 6. HP: 39/41 MP: 6/6
  3074 | D:4      | 3074 ||| Stepping ~*~*~tactically~*~*~ (stealth).
  3075 | D:4      | 3075 ||| Stepping ~*~*~tactically~*~*~ (stealth).
  3076 | D:4      | 3076 ||| Stepping ~*~*~tactically~*~*~ (stealth).
  3078 | D:4      | 3078 ||| Stepping ~*~*~tactically~*~*~ (stealth).
  3275 | D:4      | HP: 10/41 [iguana (2)]
  3276 | D:4      | 3276 ||| READING 2 scrolls of teleportation.
  3279 | D:4      | Reached skill level 6 in Axes
  3548 | D:4      | Found a staircase to the Ecumenical Temple.
  3561 | D:4      | 3561 ||| READING scroll labelled LAUBOM SEU.
  3562 | D:4      | 3562 ||| READING scroll labelled VOCKAI TUIFA.
  3575 | D:5      | Entered Level 5 of the Dungeon
  3575 | D:5      | You fall into a shaft and drop 3 floors!
  3609 | D:8      | Noticed a black bear
  3613 | D:8      | 3613 ||| DRINKING potion of curing.
  3613 | D:8      | 3613 ||| (to cure confusion)
  3618 | D:8      | Killed a black bear
  3618 | D:8      | Reached * piety under Okawaru
  3619 | D:8      | Reached skill level 1 in Dodging
  3619 | D:8      | Reached XP level 7. HP: 27/47 MP: 7/7
  3619 | D:8      | 3619 ||| INVOKING Heroism.
  3620 | D:8      | 3620 ||| INVOKING Heroism.
  3628 | D:8      | Reached skill level 1 in Invocations
  3749 | D:8      | 3749 ||| SWAPPING to +2 war axe of electrocution.
  3750 | D:8      | 3750 ||| DROPPING +0 war axe.
  3773 | D:8      | 3773 ||| INVOKING Heroism.
  3777 | D:8      | 3777 ||| Stepping ~*~*~tactically~*~*~ (stealth).
  3783 | D:8      | 3783 ||| Stepping ~*~*~tactically~*~*~ (stealth).
  3784 | D:8      | 3784 ||| Stepping ~*~*~tactically~*~*~ (stealth).
  3806 | D:8      | 3806 ||| Stepping ~*~*~tactically~*~*~ (stealth).
  3831 | D:8      | 3831 ||| SWAPPING to +0 broad axe.
  3832 | D:8      | 3832 ||| DROPPING +2 war axe of electrocution.
  3883 | D:8      | 3883 ||| INVOKING Heroism.
  3959 | D:8      | 3959 ||| DROPPING +0 mace.
  3961 | D:8      | 3961 ||| READING scroll labelled RYTEINIROC.
  3962 | D:8      | 3962 ||| READING scroll labelled IBENUYZAXT.
  3997 | D:6      | 3997 ||| PLANNING SEWER
  4018 | D:6      | Reached skill level 7 in Axes
  4018 | D:6      | Reached skill level 3 in Invocations
  4018 | D:6      | Reached XP level 8. HP: 46/52 MP: 10/10
  4074 | D:6      | 4074 ||| Stepping ~*~*~tactically~*~*~ (water).
  4078 | D:6      | Found a glowing drain.
  4108 | Sewer    | Entered a sewer
  4189 | Sewer    | Noticed Pargi
  4193 | Sewer    | 4193 ||| Stepping ~*~*~tactically~*~*~ (stealth).
  4210 | Sewer    | 4210 ||| INVOKING Heroism.
  4211 | Sewer    | Killed Pargi
  4324 | D:6      | 4324 ||| PLANNING LAIR
  4375 | D:8      | 4375 ||| STAIRDANCE
  4379 | D:8      | 4379 ||| STAIRDANCE
  4383 | D:8      | 4383 ||| STAIRDANCE
  4387 | D:8      | 4387 ||| STAIRDANCE
  4391 | D:8      | 4391 ||| STAIRDANCE
  4395 | D:8      | 4395 ||| STAIRDANCE
  4399 | D:8      | 4399 ||| STAIRDANCE
  4403 | D:8      | 4403 ||| STAIRDANCE
  4407 | D:8      | 4407 ||| STAIRDANCE
  4411 | D:8      | 4411 ||| STAIRDANCE
  4415 | D:8      | 4415 ||| STAIRDANCE
  4419 | D:8      | 4419 ||| STAIRDANCE
  4423 | D:8      | 4423 ||| STAIRDANCE
  4427 | D:8      | 4427 ||| STAIRDANCE
  4431 | D:8      | 4431 ||| STAIRDANCE
  4435 | D:8      | 4435 ||| STAIRDANCE
  4439 | D:8      | 4439 ||| STAIRDANCE
  4443 | D:8      | 4443 ||| STAIRDANCE
  4447 | D:8      | 4447 ||| STAIRDANCE
  4451 | D:8      | 4451 ||| STAIRDANCE
  4477 | D:8      | 4477 ||| INVOKING Heroism.
  4528 | D:8      | 4528 ||| INVOKING Heroism.
  4539 | D:8      | HP: 13/53 [killer bee (1)]
  4540 | D:8      | 4540 ||| READING 4 scrolls of teleportation.
  4734 | D:8      | Found a staircase to the Lair.
  4742 | Lair:1   | Entered Level 1 of the Lair of Beasts
  4779 | Lair:1   | Noticed a yak
  4779 | Lair:1   | Noticed a yak
  4780 | Lair:1   | Noticed a yak
  4781 | Lair:1   | Noticed a yak
  4783 | Lair:1   | Noticed a yak
  4788 | Lair:1   | Killed a yak
  4789 | Lair:1   | Reached skill level 8 in Axes
  4791 | Lair:1   | 4791 ||| INVOKING Heroism.
  4794 | Lair:1   | HP: 12/53 [basilisk (14)]
  4795 | Lair:1   | 4795 ||| READING 3 scrolls of teleportation.
  4796 | Lair:1   | HP: 2/53 [yak (6)]
  4797 | Lair:1   | Killed a yak
  4825 | Lair:1   | 4825 ||| INVOKING Heroism.
  4828 | Lair:1   | 4828 ||| READING 2 scrolls of teleportation.
  4828 | Lair:1   | HP: 8/56 [bullfrog (3)]
  5011 | Lair:1   | 5011 ||| Stepping ~*~*~tactically~*~*~ (stealth).
  5012 | Lair:1   | 5012 ||| Stepping ~*~*~tactically~*~*~ (stealth).
  5023 | Lair:1   | 5023 ||| INVOKING Heroism.
  5025 | Lair:1   | Reached skill level 6 in Fighting
  5025 | Lair:1   | Reached XP level 9. HP: 34/61 MP: 9/12
  5144 | Lair:1   | 5144 ||| Stepping ~*~*~tactically~*~*~ (stealth).
  5159 | Lair:1   | Noticed a cane toad
  5160 | Lair:1   | 5160 ||| INVOKING Heroism.
  5171 | Lair:1   | Killed a cane toad
  5224 | Lair:1   | Reached ** piety under Okawaru
  5225 | Lair:1   | Reached skill level 9 in Axes
  5231 | Lair:1   | 5231 ||| INVOKING Heroism.
  5302 | Lair:1   | 5302 ||| Stepping ~*~*~tactically~*~*~ (stealth).
  5370 | Lair:1   | Noticed a black mamba
  5371 | Lair:1   | 5371 ||| INVOKING Heroism.
  5382 | Lair:1   | Killed a black mamba
  5795 | Lair:1   | 5795 ||| DROPPING +6 ring of intelligence.
  5796 | Lair:1   | 5796 ||| UPGRADING to ring of see invisible.
  5797 | Lair:1   | 5797 ||| READING 4 scrolls of identify.
  5797 | Lair:1   | 5797 ||| IDENTIFYING coppery potion
  5876 | Lair:2   | Noticed a polar bear
  5877 | Lair:2   | 5877 ||| INVOKING Heroism.
  5882 | Lair:2   | Noticed a torpor snail
  5889 | Lair:2   | HP: 15/64 [yak (3)]
  5890 | Lair:2   | 5890 ||| READING scroll of teleportation.
  5891 | Lair:2   | 5891 ||| DRINKING potion of heal wounds.
  5893 | Lair:2   | HP: 4/64 [blink frog (11)]
  5898 | Lair:2   | Reached skill level 10 in Axes
  5898 | Lair:2   | Reached XP level 10. HP: 6/70 MP: 13/13
  5899 | Lair:2   | 5899 ||| INVOKING Heroism.
  6008 | Lair:2   | 6008 ||| Stepping ~*~*~tactically~*~*~ (stealth).
  6115 | Lair:2   | 6115 ||| INVOKING Heroism.
  6224 | Lair:2   | You fall into a shaft and drop 2 floors!
  6225 | Lair:4   | Noticed a cane toad
  6226 | Lair:4   | 6226 ||| INVOKING Heroism.
  6235 | Lair:4   | Reached *** piety under Okawaru
  6241 | Lair:4   | Killed a cane toad
  6427 | Lair:4   | Noticed a death yak
  6427 | Lair:4   | Noticed a death yak
  6428 | Lair:4   | 6428 ||| Stepping ~*~*~tactically~*~*~ (stealth).
  6429 | Lair:4   | Noticed a death yak
  6430 | Lair:4   | 6430 ||| Stepping ~*~*~tactically~*~*~ (stealth).
  6431 | Lair:4   | Noticed a death yak
  6432 | Lair:4   | 6432 ||| Stepping ~*~*~tactically~*~*~ (stealth).
  6433 | Lair:4   | 6433 ||| Stepping ~*~*~tactically~*~*~ (stealth).
  6434 | Lair:4   | 6434 ||| INVOKING Heroism.
  6435 | Lair:4   | Noticed a death yak
  6440 | Lair:4   | HP: 17/70 [death yak (19)]
  6443 | Lair:4   | HP: 5/70 [death yak (7)]
  6444 | Lair:4   | Mangled by a death yak

Levels and vault maps discovered:
D:1:      psy_arrival_terrarium, layout_loops_cross
D:2:      minmay_inner_zag, layout_loops_ring,
          hellmonk_ecumenical_altar_zigzags, uniq_robin
D:3:      layout_loops_ring, mainiacjoe_overflow_catwalk, minmay_puff,
          uniq_terence
D:4:      layout_rooms, mainiacjoe_overflow_alcove_3,
          minmay_temple_entry_enclosed_plants, serial_shops, shop_fountains,
          hangedman_abyss_or_decor_slice
D:5:      layout_loops_ring, serial_glass, glass_columns_b, glass_columns_b,
          nicolae_nh_oracle_at_delphi, uniq_sigmund
D:6:      layout_basic, gup_sewer_entry_pipe
D:7:      lemuel_ratsnest, layout_rooms, hangedman_feature_mirror
D:8:      layout_basic, nicolae_overflow_hidden_temple, lair_entry_dummy,
          kennysheep_boxes
Lair:1:   layout_long_grid
Lair:2:   layout_small_grid, minmay_shoals_entry_centaurs,
          nicolae_snake_entry_squirm, infiniplex_staircase_pool
Lair:4:   layout_gridlike, nicolae_volcano_entry_hallway, serial_bayou_shore_b

Skill      XL: |  1  2  3  4  5  6  7  8  9 10 |
---------------+-------------------------------+-----
Axes           | 2 3 4 5 6 7 8 10 | 10.7
Fighting       | 4 6 7 8 |  8.3
Dodging        | 1 |  1.7
Invocations    | 3 4 |  4.2
Armour         | 4 5 |  5.0
Shields        | 4 5 |  5.4

Action                     |  1- 3 |  4- 6 |  7- 9 | 10-12 || total
---------------------------+-------+-------+-------+-------++-------
  Melee: War axe           |    88 |   155 |    15 |       ||   258
         Broad axe         |       |       |   191 |    35 ||   226
 Invoke: Heroism           |       |       |    13 |     4 ||    17
    Use: Potion            |     1 |     5 |     1 |       ||     7
         Scroll            |       |    10 |     7 |       ||    17
 Armour: Scale mail        |    17 |       |       |       ||    17
         Chain mail        |    11 |    99 |   186 |    21 ||   317
  Dodge: Dodged            |    32 |    43 |   154 |    11 ||   240
  Block: Buckler           |    14 |    25 |    78 |     4 ||   121

Table legend:
 A = Non-vault XP
 B = Vault XP
 C = Vault XP percentage of total XP
 D = Non-vault monster count
 E = Vault monster count
 F = Vault count percentage of total count
                 A         B        C        D         E       F
            +---------+---------+-------+---------+---------+-------
      Total |    6465 |     518 |   7.4 |      99 |      35 |  26.1
            +---------+---------+-------+---------+---------+-------
        D:1 |      36 |       0 |   0.0 |      17 |       0 |   0.0
        D:2 |      33 |      78 |  70.3 |       7 |      17 |  70.8
        D:3 |      30 |      51 |  63.0 |      17 |       4 |  19.0
        D:4 |     325 |       0 |   0.0 |      15 |       0 |   0.0
        D:6 |      88 |      14 |  13.7 |       1 |       7 |  87.5
        D:7 |      38 |       0 |   0.0 |       1 |       0 |   0.0
        D:8 |     994 |       0 |   0.0 |      20 |       0 |   0.0
     Lair:1 |    2138 |       0 |   0.0 |       9 |       0 |   0.0
     Lair:2 |    1390 |     229 |  14.1 |       6 |       2 |  25.0
     Lair:4 |    1393 |       0 |   0.0 |       6 |       0 |   0.0
      Sewer |       0 |     146 | 100.0 |       0 |       5 | 100.0
            +---------+---------+-------+---------+---------+-------
